 Dungeon Sprint DCSS version 0.24-a0-246-gb963c9a (webtiles) character file.

Game seed: 1956108371969630725

203 MikeHunt the Conjurer (level 5, -2/38 HPs)
             Began as a Demigod Earth Elementalist on Apr 12, 2019.
             Slain by a redback (8 damage)
             ... summoned by a deep elf mage
             ... in the Dungeon (Sprint III: "The Ten Rune Challenge").
             The game lasted 00:03:19 (556 turns).

MikeHunt the Conjurer (Demigod Earth Elementalist)   Turns: 556, Time: 00:03:19

Health: -2/38      AC:  2    Str: 11    XL:     5   Next: 26%
Magic:  2/16       EV: 12    Int: 21    God:
Gold:   32         SH:  0    Dex: 16    Spells: 1/14 levels left

rFire    . . .     SeeInvis .   (no weapon)
rCold    . . .     Gourm    .   (no shield)
rNeg     . . .     Faith    .   c - +0 robe
rPois    +         Spirit   .   (no helmet)
rElec    .         Reflect  .   (no cloak)
rCorr    .         Harm     .   (no gloves)
MR       +....     NoTele   +   (no boots)
Stlth    ++........             (no amulet)
HPRegen  0.12/turn              (no ring)
MPRegen  0.15/turn              (no ring)

@: very slightly contaminated, lightly drained
A: high mp 1, magic resistance 1, poison resistance, subdued magic 1
a: no special abilities


You were in the Dungeon.
You were not hungry.

You visited 1 branch You collected 32 gold pieces.

Inventory:

Missiles
 b - 28 stones (quivered)
Armour
 c - a +0 robe (worn)
Scrolls
 k - 2 scrolls of torment {unknown}
 l - 3 scrolls of identify
 m - 2 scrolls of remove curse
 o - a scroll of enchant weapon {unknown}
Potions
 a - a potion of might {unknown}
 e - a potion of curing
 f - a potion of heal wounds
 g - a potion of haste
 h - 2 potions of magic
 i - a potion of berserk rage
 n - 3 potions of flight
 p - 5 potions of mutation
Comestibles
 d - 3 rations
 q - 2 chunks of flesh {@w1}


   Skills:
 - Level 1.7(1.3) Dodging
 - Level 1.7(1.3) Stealth
 + Level 5.4(5.0) Spellcasting
 - Level 6.4(6.0) Conjurations
 - Level 0.8(0.4) Transmutations
 + Level 6.4(5.9) Earth Magic


You had one spell level left.
You knew the following spells:

 Your Spells              Type           Power        Failure   Level  Hunger
a - Gell's Gravitas       Tloc           #.........   28%         3    ##.....
b - Passwall              Tmut/Erth      ##......     3%          2    None
e - Sandblast             Erth           ###...       1%          1    None
f - Petrify               Tmut/Erth      ##......     24%         4    ####...
r - Stone Arrow           Conj/Erth      ###...       1%          3    ##.....

Your spell library contained the following spells:

 Spells                   Type           Power        Failure   Level  Hunger
 Confusing Touch          Hex            #.....       9%          1    None
 Lee's Rapid Deconstruct  Erth           ###.......   22%         5    #####..
 Confuse                  Hex            #.......     28%         3    ##.....
 Yara's Violent Unravell  Hex/Tmut       #.........   94%         5    #####..
 Metabolic Englaciation   Hex/Ice        #.........   95%         5    #####..


Dungeon Overview and Level Annotations

Branches:
Dungeon (1/1)


Innate Abilities, Weirdness & Mutations

You have an increased reservoir of magic. (+10% MP)
You are resistant to hostile enchantments. (MR+)
Your system is resistant to poisons. (rPois)
Your spells are a little easier to cast, but a little less powerful.


Message History

* * * LOW HITPOINT WARNING * * *
The deep elf mage barely misses you.
Casting: Stone Arrow (safe; 1% risk of failure)
Confirm with . or Enter, or press ? or * to list all spells.
Aiming: Stone Arrow (safe; 1% risk of failure)
Press: ? - help, Shift-Dir - straight line, f/p - deep elf mage
Aim: a deep elf mage, wielding a +1 long sword of holy wrath (heavily wounded)
The stone arrow hits the deep elf mage!
The deep elf mage is almost dead.
The hell rat closely misses you. The redback closely misses you.
The hell rat misses you.
Casting: Stone Arrow (safe; 1% risk of failure)
Confirm with . or Enter, or press ? or * to list all spells.
Aiming: Sandblast (safe; 1% risk of failure)
Press: ? - help, Shift-Dir - straight line, f/p - deep elf mage
Aim: a deep elf mage, wielding a +1 long sword of holy wrath (almost dead)
The blast of sand misses the deep elf mage.
b - 28 stones The redback bites you!
You die...

▓▓▓▓▓▓ ▓▓▓ .'...♣♣
♣.##### .#....♣♣♣ ♣.#___#
##......♣ ♣.#...#
.#....≈♣♣♣ ♣.###@#+###+##
.#...≈≈♣.♣♣♣.#.resrr....#
.#..≈≈≈≈♣....'.⌠.s......#
'#..≈≈≈≈≈≈♣♣.#...######+#
†#.≈≈≈≈≈≈....#.⌠.#
.#.≈≈≈≈≈.....#...#
.#.≈≈≈.......#'###
##...........#.).#
.............#___#


You could see a demonic crawler, a deep elf mage, a redback and 3 hell rats.

Vanquished Creatures
  A water elemental (D)
  A scorpion (D)
  Jessica (D)
  A wizard (D)
  A human (D)
  A kobold demonologist (D)
  An ooze (D)
  2 rats (D)
9 creatures vanquished.

Vanquished Creatures (others)
  2 draconian scorchers (D)
  2 yaktaurs (D)
  6 hellions (D)
  A plant (D)
11 creatures vanquished.

Grand Total: 20 creatures vanquished

Notes
Turn   | Place    | Note
-------+----------+-------------------------------------------
     0 | D        | MikeHunt the Demigod Earth Elementalist began the quest for
                  | the Orb.
     0 | D        | Reached XP level 1. HP: 14/14 MP: 5/5
    85 | D        | Killed a hellion
    85 | D        | Killed a hellion
    85 | D        | Killed a hellion
    86 | D        | Killed a hellion
   134 | D        | Killed a yaktaur
   139 | D        | Killed a hellion
   144 | D        | Killed a white draconian scorcher
   166 | D        | Killed a white draconian scorcher
   219 | D        | Killed a hellion
   225 | D        | Killed a yaktaur
   236 | D        | Noticed Jessica
   239 | D        | Killed Jessica
   239 | D        | Reached skill level 5 in Spellcasting
   239 | D        | Reached XP level 2. HP: 19/20 MP: 7/11
   250 | D        | Learned a level 2 spell: Passwall
   279 | D        | Noticed a scorpion
   291 | D        | Killed a scorpion
   291 | D        | Reached skill level 5 in Earth Magic
   291 | D        | Reached XP level 3. HP: 20/26 MP: 5/12
   291 | D        | Reached XP level 4. HP: 25/33 MP: 5/14
   312 | D        | Gained mutation: Your spells are a little easier to cast,
                  | but a little less powerful. [potion of mutation]
   312 | D        | Gained mutation: You are resistant to hostile enchantments.
                  | (MR+) [potion of mutation]
   312 | D        | Gained mutation: Your system is resistant to poisons.
                  | (rPois) [potion of mutation]
   346 | D        | Learned a level 3 spell: Stone Arrow
   425 | D        | Noticed a water elemental
   433 | D        | Killed a water elemental
   433 | D        | Reached skill level 5 in Conjurations
   442 | D        | Learned a level 4 spell: Petrify
   518 | D        | Found a radiant altar of Vehumet.
   519 | D        | Found a deep blue altar of Sif Muna.
   519 | D        | Found an ancient bone altar of Kikubaaqudgha.
   519 | D        | Noticed a wizard
   520 | D        | Killed a wizard
   520 | D        | Reached XP level 5. HP: 30/38 MP: 14/16
   531 | D        | Learned a level 3 spell: Gell's Gravitas
   542 | D        | Found a glowing silver altar of Zin.
   542 | D        | Found a glowing golden altar of the Shining One.
   542 | D        | Found a white marble altar of Elyvilon.
   542 | D        | Noticed a deep elf mage
   544 | D        | Noticed a demonic crawler
   551 | D        | Noticed a redback
   556 | D        | Slain by a redback

Levels and vault maps discovered:
D:        dungeon_sprint_mu [sprint_mu_entry_forest, sprint_mu_temple_rooms,
          sprint_mu_d1_horrors, sprint_mu_d2_genie, sprint_mu_d3_branching,
          sprint_mu_orc_legion, sprint_mu_elf_gauntlet, sprint_mu_hive_nellie,
          sprint_mu_lair_fedhas, sprint_mu_vaults_butterflies,
          sprint_mu_slime_circle, sprint_mu_swamp_cave, sprint_mu_snake_twists,
          sprint_mu_blade_basic, sprint_mu_crypt_chambers,
          sprint_mu_tomb_spiral, sprint_mu_vestibule_basic,
          sprint_mu_gehenna_hellfire, sprint_mu_dis_giant,
          sprint_mu_tartarus_statrot, sprint_mu_cocytus_islands, sprint_mu_zot1]

Skill      XL: |  1  2  3  4 |
---------------+-------------+-----
Spellcasting   | 5 |  5.4
Earth Magic    | 5 6 |  6.4
Conjurations   | 6 |  6.4
Dodging        | |  1.7
Stealth        | |  1.7
Transmutations | |  0.8

Action                   |  1- 3 |  4- 6 || total
-------------------------+-------+-------++-------
Melee: Unarmed           |    11 |       ||    11
 Cast: Sandblast         |     6 |    11 ||    17
       Stone Arrow       |       |    10 ||    10
  Use: Potion            |       |     1 ||     1
       Scroll            |       |     1 ||     1
Armor: Robe              |     1 |     2 ||     3
Dodge: Dodged            |     5 |    11 ||    16

Table legend:
 A = Non-vault XP
 B = Vault XP
 C = Vault XP percentage of total XP
 D = Non-vault monster count
 E = Vault monster count
 F = Vault count percentage of total count
                 A         B        C        D         E       F
            +---------+---------+-------+---------+---------+-------
      Total |       0 |     291 | 100.0 |       0 |       9 | 100.0
            +---------+---------+-------+---------+---------+-------
          D |       0 |     291 | 100.0 |       0 |       9 | 100.0
            +---------+---------+-------+---------+---------+-------
